 Dungeon Crawl Stone Soup version 0.16.2-2-g470672f (webtiles) character file.

142 CrazyArbalest the Bolt Thrower (level 5, 0/41 HPs)
             Began as a Centaur Hunter on Aug 23, 2015.
             Killed from afar by an orc wizard (5 damage)
             ... with a magic dart
             ... on level 3 of the Dungeon.
             The game lasted 00:09:49 (3487 turns).

CrazyArbalest the Bolt Thrower (Centaur Hunter)     Turns: 3487, Time: 00:09:49

Health: 0/41       AC:  4    Str: 14    XL:     5   Next: 4%
Magic:  4/4        EV:  9    Int: 10    God:
Gold:   80         SH:  0    Dex: 11    Spells: 0 memorised, 4 levels left

rFire  . . .     SeeInvis .     a - +0 flail
rCold  . . .     Clarity  .     d - +0 leather armour
rNeg   . . .     SustAb   .     (no shield)
rPois  .         Gourm    .     (no helmet)
rElec  .         Spirit   .     (no cloak)
rCorr  .         Warding  .     (no gloves)
rMut   .         Stasis   .     (no barding)
MR     .....                    (no amulet)
Stlth  +.........               (no ring)
                                (no ring)

@: very quick, not resistant to hostile enchantments, very unstealthy
A: hooves 3, deformed body, speed 2, tough skin 3
a: no special abilities


You were on level 3 of the Dungeon.
You were hungry.

You visited 1 branch of the dungeon, and saw 3 of its levels.

You collected 80 gold pieces.

Inventory:

Hand weapons
 a - a +0 flail (weapon)
 b - a +1 hand crossbow
 s - a +1 vampiric halberd
 t - a +0 whip
Missiles
 c - 13 bolts
Armour
 d - a +0 leather armour (worn)
Jewellery
 e - a cursed amulet of inaccuracy {unknown}
 g - a +2 ring of strength {unknown}
Scrolls
 j - a scroll of enchant armour {unknown}
 m - a scroll of teleportation {unknown}
 o - 3 scrolls of identify {unknown}
 r - a scroll of immolation {unknown}
Potions
 h - a potion of curing {unknown}
 k - a potion of ambrosia {unknown}
 l - 2 potions of heal wounds {unknown}
 p - a potion of beneficial mutation {unknown}
 q - a potion of brilliance {unknown}
Comestibles
 f - a bread ration
 i - a meat ration
 n - 4 fruits
 u - a beef jerky


   Skills:
 + Level 2.2 Fighting
 + Level 1.0 Maces & Flails
 * Level 5.8 Crossbows
 + Level 1.0 Armour
 + Level 2.1 Dodging
 + Level 0.6 Stealth


You had 4 spell levels left.
You didn't know any spells.

Dungeon Overview and Level Annotations

Branches:
Dungeon (3/15)

Altars:
Xom


Innate Abilities, Weirdness & Mutations

You have hooves in place of feet.
Armour fits poorly on your strangely shaped body.
You cover ground very quickly.
You have extremely tough skin (AC +3).


Message History

The orc is heavily wounded.
The orc wizard casts a spell at you. The magic dart hits you!
The orc hits you with a club.
You sock the orc!
You kill the orc!
The orc wizard casts a spell at you. The magic dart hits you!
* * * LOW HITPOINT WARNING * * *
The orc wizard points at you and mumbles some strange words.
The magic dart hits you!
* * * LOW HITPOINT WARNING * * *
Found a whip and a ring mail.
Found an escape hatch in the ceiling.
Found a runed platinum amulet.
The orc wizard mumbles some strange words.
The orc wizard blinks!
There is an escape hatch in the ceiling here.
The orc wizard casts a spell at you. The magic dart hits you!
You die...

. #..# #...#
##.####..## #...#
...>....<.#####...##
##.#.......).)o.....
#.#.####.#######.##
#.#.# #.# # ...# #.#
#..# #o# #@.# #.#
##o.####.#####
#...)..o.....#
#[..#######..###.#.
#^.....####........
#.#.#ยง.o...........
#.#.#.######.######
."....# .# ##.#####
.#


You could see an orc wizard.

Vanquished Creatures
  7 gnolls (D:2)
  2 adders (D:2)
  3 giant geckos
  An ooze (D:2)
  3 orcs (D:3)
  6 giant cockroaches
  A goblin (D:2)
  4 hobgoblins
  3 jackals (D:2)
  8 bats
  3 giant newts
  7 kobolds
  5 rats
53 creatures vanquished.

Notes
Turn   | Place    | Note
--------------------------------------------------------------
     0 | D:1      | CrazyArbalest, the Centaur Hunter, began the quest for the Orb.
     0 | D:1      | Reached XP level 1. HP: 17/17 MP: 1/1
   518 | D:1      | Reached XP level 2. HP: 15/24 MP: 2/2
   690 | D:1      | Reached skill level 5 in Crossbows
  1407 | D:2      | Reached XP level 3. HP: 15/29 MP: 3/3
  1689 | D:2      | Found a shimmering altar of Xom.
  2103 | D:2      | Reached XP level 4. HP: 36/36 MP: 3/3
  2699 | D:2      | Reached skill level 1 in Maces & Flails
  2699 | D:2      | Reached skill level 1 in Armour
  3450 | D:3      | Reached XP level 5. HP: 41/41 MP: 4/4
  3487 | D:3      | Killed from afar by an orc wizard

Action                   |  1- 3 |  4- 6 || total
-------------------------+-------+-------++-------
Melee: Short sword       |    21 |       ||    21
       Club              |   119 |       ||   119
       Whip              |    18 |    16 ||    34
       Flail             |       |    40 ||    40
 Fire: Hand crossbow     |    17 |    21 ||    38
  Eat: Chunk             |     3 |     3 ||     6
